 Dungeon Crawl Stone Soup version 0.27.1-1-g398f81649c (webtiles) character file.

Game seed: 14203971935076344631

464 MisterFreud the Shield-Bearer (level 7, -8/59 HPs)
             Began as a Gnoll Fighter on Sept 17, 2021.
             Was a Believer of Kikubaaqudgha.
             Mangled by a goblin (17 damage)
             ... led by Robin
             ... on level 3 of the Dungeon.
             The game lasted 00:03:49 (4214 turns).

MisterFreud the Shield-Bearer (Gnoll Fighter)       Turns: 4214, Time: 00:03:50

Health: -8/59      AC:  9    Str: 16    XL:     7   Next: 8%
Magic:  10/10      EV:  8    Int:  9    God:    Kikubaaqudgha [**....]
Gold:   116        SH: 10    Dex: 11    Spells: 10/10 levels left

rFire    . . .     SeeInvis .   a - +0 rapier
rCold    . . .     Faith    .   c - +0 kite shield
rNeg     . . .     Spirit   .   b - +0 scale mail
rPois    .         Reflect  .   (no helmet)
rElec    .         Harm     .   s - +0 cloak
rCorr    .         Rampage  .   (no gloves)
Will     .....                  (no boots)
Stlth    ..........             (no amulet)
HPRegen  0.19/turn              (no ring)
MPRegen  0.12/turn              (no ring)

@: no status effects
A: fangs 1, strong nose, distributed training
a: Renounce Religion, Receive Corpses


You were on level 3 of the Dungeon.
You worshipped Kikubaaqudgha.
Kikubaaqudgha was pleased with you.
You visited 1 branch of the dungeon, and saw 4 of its levels.

You collected 116 gold pieces.

Inventory:

Hand Weapons
 a - a +0 rapier (weapon)
Missiles
 d - 8 boomerangs (quivered)
 q - a throwing net
 t - 8 atropa-tipped darts
Armour
 b - a +0 scale mail (worn)
 c - a +0 kite shield (worn)
 i - a +0 chain mail
 n - a +0 cloak
 s - a +0 cloak (worn)
Wands
 k - a wand of mindburst (12)
 l - a wand of iceblast (5)
Scrolls
 e - a scroll of blinking {unknown}
 g - a scroll of silence {unknown}
 o - a scroll of vulnerability {unknown}
 p - a scroll of teleportation {unknown}
 r - 3 scrolls of magic mapping {unknown}
Potions
 f - 2 potions of heal wounds {unknown}
 h - 3 potions of flight {unknown}
 j - a potion of attraction {unknown}
 m - a potion of curing {unknown}


   Skills:
 + Level 6.9 Fighting
 + Level 5.1 Short Blades
 + Level 2.2 Long Blades
 + Level 2.2 Axes
 + Level 2.2 Maces & Flails
 + Level 2.2 Polearms
 + Level 2.2 Staves
 + Level 2.2 Slings
 + Level 2.2 Bows
 + Level 2.2 Crossbows
 + Level 2.2 Throwing
 + Level 6.9 Armour
 + Level 2.2 Dodging
 + Level 2.2 Stealth
 + Level 6.9 Shields
 + Level 2.2 Unarmed Combat
 + Level 2.2 Spellcasting
 + Level 1.8 Conjurations
 + Level 1.8 Hexes
 + Level 1.8 Summonings
 + Level 1.8 Necromancy
 + Level 1.8 Translocations
 + Level 1.8 Transmutations
 + Level 1.8 Fire Magic
 + Level 1.8 Ice Magic
 + Level 1.8 Air Magic
 + Level 1.8 Earth Magic
 + Level 1.8 Poison Magic
 + Level 2.5 Invocations
 + Level 2.2 Evocations


You had 10 spell levels left.
You didn't know any spells.
Your spell library contained the following spells:

 Spells                   Type           Power      Damage    Failure   Level
 Animate Skeleton         Necr           8%         N/A       80%         1
 Pain                     Necr           16%        1d4       80%         1
 Slow                     Hex            4%         N/A       91%         2
 Sublimation of Blood     Necr           2%         N/A       91%         2
 Confusing Touch          Hex            4%         N/A       99%         3
 Vampiric Draining        Necr           2%         2d6       99%         3


Dungeon Overview and Level Annotations

Branches:
Dungeon (4/15)
 Temple: D:4-7

Altars:
Kikubaaqudgha

Shops:
D:1 (

Annotations:
D:4 Robin


Innate Abilities, Weirdness & Mutations

You have very sharp teeth.
Your uncanny sense of smell can sniff out nearby items.
Your experience applies equally to all skills.


Message History

The goblin hits you with a +1 dagger of electrocution.
Unknown command.
The goblin no longer looks unusually strong.
Robin zaps a wand.
Some rock shatters into small pieces.
The now-empty wand crumbles to dust.
The goblin completely misses you.
Items here: ( )) †.
Unknown command.
The goblin no longer looks unusually strong.
You block the goblin's attack.
The goblin no longer looks unusually strong. x3
You block the goblin's attack.
You hit the goblin but do no damage. You bite the goblin.
The goblin is heavily wounded.
Robin roars a battlecry!
The goblins go into a battle-frenzy!
The goblin hits you with a +0 dagger.
You hit the goblin.
You kill the goblin!
Kikubaaqudgha accepts your kill. Robin throws the goblin at you!
Unknown command.
The goblin no longer looks unusually strong.
There is a stone staircase leading up here.
You block the goblin's attack.
You hit the goblin.
You kill the goblin!
Kikubaaqudgha accepts your kill.
You barely miss the goblin.
The goblin hits you with a +1 dagger of electrocution.
You are electrocuted!!
You closely miss the goblin. Your bite misses the goblin.
The goblin hits you but does no damage.
You are electrocuted!
* * * LOW HITPOINT WARNING * * *
The goblin no longer looks unusually strong.
The goblin hits you but does no damage. x2
You climb upwards.
There is a stone staircase leading down here.
The goblin hits you but does no damage.
You are electrocuted!
You die...
Kikubaaqudgha rasps: "You have failed me!
Welcome... death!"

#...###.###### #.#.#
#......# #.#.###.####.#
#.#.....# #.########
#.###.### #........## #.#
#.# #######...# #.# #.#
#.#.#
##.###.############.#.####
................@g..#....#
.......#########g#######.#
.####### #....#....# .#
###).#.#### .# #..#.# .#
#.)..# .# #.##.# .# #.##.#
.# #.##.#


You could see 2 goblins.

Vanquished Creatures
  Grinder (D:3)
  An orc priest (D:3)
  Crazy Yiuf (D:3)
  Terence (D:2)
  An iguana (D:2)
  3 gnolls (D:3)
  5 adders
  A dart slug (D:1)
  9 orcs
  5 bats
  7 endoplasms
  A giant cockroach (D:2)
  8 goblins
  8 hobgoblins
  11 jackals
  3 quokkas
  3 frilled lizards (D:1)
  5 kobolds
  2 rats
76 creatures vanquished.

Vanquished Creatures (others)
  2 plants (D:2)
2 creatures vanquished.

Grand Total: 78 creatures vanquished

Notes
Turn   | Place    | Note
-------+----------+-------------------------------------------
     0 | D:1      | MisterFreud the Gnoll Fighter began the quest for the Orb.
     0 | D:1      | Reached XP level 1. HP: 23/23 MP: 1/1
   210 | D:1      | Found Akewyfra's Antique Weapon Shop.
   220 | D:1      | Reached XP level 2. HP: 29/29 MP: 2/2
   626 | D:1      | Reached XP level 3. HP: 27/35 MP: 3/3
  1011 | D:2      | Noticed Terence
  1029 | D:2      | Killed Terence
  1030 | D:2      | Reached skill level 1 in Long Blades
  1030 | D:2      | Reached skill level 1 in Axes
  1030 | D:2      | Reached skill level 1 in Maces & Flails
  1030 | D:2      | Reached skill level 1 in Polearms
  1030 | D:2      | Reached skill level 1 in Staves
  1030 | D:2      | Reached skill level 1 in Slings
  1030 | D:2      | Reached skill level 1 in Bows
  1030 | D:2      | Reached skill level 1 in Crossbows
  1030 | D:2      | Reached skill level 1 in Throwing
  1030 | D:2      | Reached skill level 1 in Dodging
  1030 | D:2      | Reached skill level 1 in Stealth
  1030 | D:2      | Reached skill level 1 in Unarmed Combat
  1030 | D:2      | Reached skill level 1 in Spellcasting
  1030 | D:2      | Reached skill level 1 in Invocations
  1030 | D:2      | Reached skill level 1 in Evocations
  1030 | D:2      | Reached XP level 4. HP: 35/41 MP: 5/5
  1099 | D:2      | Found a faded altar of an unknown god.
  1109 | D:2      | Became a worshipper of Kikubaaqudgha
  1109 | D:2      | Reached * piety under Kikubaaqudgha
  1109 | D:2      | Received a gift from Kikubaaqudgha
  1257 | D:2      | Reached skill level 1 in Conjurations
  1257 | D:2      | Reached skill level 1 in Hexes
  1257 | D:2      | Reached skill level 1 in Summonings
  1257 | D:2      | Reached skill level 1 in Necromancy
  1257 | D:2      | Reached skill level 1 in Translocations
  1257 | D:2      | Reached skill level 1 in Transmutations
  1257 | D:2      | Reached skill level 1 in Fire Magic
  1257 | D:2      | Reached skill level 1 in Ice Magic
  1257 | D:2      | Reached skill level 1 in Air Magic
  1257 | D:2      | Reached skill level 1 in Earth Magic
  1257 | D:2      | Reached skill level 1 in Poison Magic
  1609 | D:2      | Reached XP level 5. HP: 30/47 MP: 6/6
  2221 | D:3      | Noticed Grinder
  2226 | D:3      | Paralysed by Grinder for 4 turns
  2243 | D:3      | HP: 1/47 [Grinder/nerve-wracking pain (4)]
  2246 | D:3      | Killed Grinder
  2247 | D:3      | Reached skill level 5 in Short Blades
  2247 | D:3      | Reached XP level 6. HP: 1/53 MP: 7/9
  3236 | D:3      | Reached ** piety under Kikubaaqudgha
  3382 | D:3      | Found a runed translucent door.
  3383 | D:3      | Noticed Crazy Yiuf
  3887 | D:3      | Killed Crazy Yiuf
  3888 | D:3      | Reached XP level 7. HP: 32/59 MP: 10/10
  4165 | D:4      | Noticed Robin
  4214 | D:3      | Mangled by a goblin

Illustrated notes

Levels and vault maps discovered:
D:1:      minmay_arrival_four_loops, layout_basic, serial_shops, shop
D:2:      layout_basic, shapermc_ecumenical_altar_pompeii, chequers_big_river,
          uniq_terence
D:3:      layout_loops_ring, uniq_crazy_yiuf_cottage, uniq_grinder
D:4:      layout_basic, minmay_manual_maat, uniq_robin

Skill      XL: |  1  2  3  4  5 |
---------------+----------------+-----
Long Blades    | 1 2 |  2.2
Axes           | 1 2 |  2.2
Maces & Flails | 1 2 |  2.2
Polearms       | 1 2 |  2.2
Staves         | 1 2 |  2.2
Slings         | 1 2 |  2.2
Bows           | 1 2 |  2.2
Crossbows      | 1 2 |  2.2
Throwing       | 1 2 |  2.2
Dodging        | 1 2 |  2.2
Stealth        | 1 2 |  2.2
Unarmed Combat | 1 2 |  2.2
Spellcasting   | 1 2 |  2.2
Invocations    | 1 2 |  2.5
Evocations     | 1 2 |  2.2
Conjurations   | 1 |  1.8
Hexes          | 1 |  1.8
Summonings     | 1 |  1.8
Necromancy     | 1 |  1.8
Translocations | 1 |  1.8
Transmutations | 1 |  1.8
Fire Magic     | 1 |  1.8
Ice Magic      | 1 |  1.8
Air Magic      | 1 |  1.8
Earth Magic    | 1 |  1.8
Poison Magic   | 1 |  1.8
Short Blades   | 5 |  5.1
Fighting       | |  6.9
Armour         | |  6.9
Shields        | |  6.9

Action                   |  1- 3 |  4- 6 |  7- 9 || total
-------------------------+-------+-------+-------++-------
Melee: Rapier            |    92 |   180 |    20 ||   292
       Bite              |     7 |    11 |     1 ||    19
  Use: Potion            |       |     1 |       ||     1
Armor: Scale mail        |    31 |    56 |    19 ||   106
Dodge: Dodged            |    19 |    62 |     5 ||    86
Block: Kite shield       |    36 |    92 |    16 ||   144
